[ AOE2 MATCH · #505041752 ]
UnrankedGoths vs Persians
Player's team · WIN
Rival team · LOSS
[ REPLAY ANALYSIS · EXTRACTED FROM THE RECORDED GAME ]
Feudal
—
Castle
—
Imperial
—
| APM avg | 62.4 |
| APM peak | 110 |
| eAPM avg | 26.3 |
| Villagers / military | 44 / 12 |
Focus
⚔️ 21.9% · 🌾 78.1%
Militia ×12
Feudal
8:41
Castle
—
Imperial
—
| APM avg | 96.3 |
| APM peak | 119 |
| eAPM avg | 59.3 |
| Villagers / military | 22 / 0 |
Focus
⚔️ 68.9% · 🌾 31.1%
Match map
Initial resources + every placement click. Lines = walls · curves = elevation contours. ◆ gold · ⬟ stone · ● berries · ✦ relic · ◌ wall gap
Your base
qwertyoN.-'s base
Smoothed initial terrain · ◌ = detected wall gap · hover for details
Inputs per minute
— 新竹 - - qwertyoN.-
Build order — 新竹
71 actions detected in the replay
| 0:00 | Create | Villager (Male) |
| 0:01 | Create | Villager (Male) |
| 0:01 | Create | Villager (Male) |
| 0:02 | Build | House |
| 0:03 | Build | House |
| 0:06 | Create | Villager (Male) |
| 0:21 | Research | Loom |
| 0:21 | Create | Villager (Male) |
| 1:30 | Create | Villager (Male) |
| 1:53 | Create | Villager (Male) |
| 1:53 | Create | Villager (Male) |
| 1:53 | Create | Villager (Male) |
| 2:28 | Create | Villager (Male) |
| 2:29 | Create | Villager (Male) |
| 2:55 | Create | Villager (Male) |
| 2:55 | Create | Villager (Male) |
| 3:17 | Create | Villager (Male) |
| 3:17 | Create | Villager (Male) |
| 3:17 | Create | Villager (Male) |
| 3:31 | Build | Barracks |
| 3:45 | Build | House |
| 3:47 | Create | Villager (Male) |
| 3:48 | Create | Villager (Male) |
| 3:48 | Create | Villager (Male) |
| 4:11 | Create | Villager (Male) |
| 4:11 | Create | Villager (Male) |
| 4:11 | Create | Villager (Male) |
| 4:33 | Build | Palisade Wall |
| 4:34 | Create | Militia |
| 4:34 | Create | Militia |
| 4:39 | Create | Villager (Male) |
| 4:49 | Create | Militia |
| 4:49 | Create | Militia |
| 5:06 | Create | Militia |
| 5:06 | Create | Militia |
| 5:35 | Build | Palisade Wall |
| 5:40 | Create | Villager (Male) |
| 5:41 | Create | Villager (Male) |
| 6:02 | Create | Militia |
| 6:07 | Create | Villager (Male) |
| 6:07 | Create | Villager (Male) |
| 6:12 | Build | House |
| 6:25 | Build | Palisade Wall |
| 6:29 | Create | Villager (Male) |
| 6:39 | Build | Palisade Wall |
| 6:40 | Build | Palisade Wall |
| 6:42 | Build | Palisade Wall |
| 6:43 | Build | Palisade Wall |
| 6:53 | Create | Villager (Male) |
| 6:53 | Create | Villager (Male) |
| 6:53 | Create | Villager (Male) |
| 6:53 | Create | Villager (Male) |
| 7:33 | Create | Militia |
| 7:33 | Create | Militia |
| 7:51 | Create | Villager (Male) |
| 7:51 | Create | Villager (Male) |
| 7:52 | Build | House |
| 8:19 | Create | Villager (Male) |
| 8:20 | Create | Villager (Male) |
| 8:20 | Create | Villager (Male) |
| 8:20 | Create | Villager (Male) |
| 8:45 | Create | Villager (Male) |
| 8:46 | Create | Villager (Male) |
| 8:46 | Create | Villager (Male) |
| 8:46 | Create | Villager (Male) |
| 9:03 | Create | Villager (Male) |
| 9:03 | Create | Villager (Male) |
| 9:06 | Build | Lumber Camp |
| 9:18 | Create | Militia |
| 9:18 | Create | Militia |
| 9:19 | Create | Militia |
Build order — qwertyoN.-
40 actions detected in the replay
| 0:00 | Create | Villager (Male) |
| 0:00 | Create | Villager (Male) |
| 0:01 | Create | Villager (Male) |
| 0:01 | Create | Villager (Male) |
| 0:02 | Build | House |
| 0:04 | Build | House |
| 0:17 | Create | Villager (Male) |
| 1:25 | Create | Villager (Male) |
| 1:25 | Create | Villager (Male) |
| 1:49 | Build | Lumber Camp |
| 2:01 | Create | Villager (Male) |
| 2:07 | Create | Villager (Male) |
| 2:07 | Create | Villager (Male) |
| 2:23 | Create | Villager (Male) |
| 3:29 | Create | Villager (Male) |
| 3:37 | Build | House |
| 3:40 | Build | House |
| 3:54 | Create | Villager (Male) |
| 4:07 | Create | Villager (Male) |
| 4:26 | Create | Villager (Male) |
| 4:44 | Build | Mining Camp |
| 4:59 | Create | Villager (Male) |
| 5:02 | Create | Villager (Male) |
| 5:03 | Research | Loom |
| 6:03 | Create | Villager (Male) |
| 6:25 | Build | Lumber Camp |
| 6:37 | Research | Feudal Age |
| 6:37 | Research | Feudal Age |
| 7:08 | Build | Palisade Wall |
| 7:10 | Build | Palisade Wall |
| 8:08 | Create | Villager (Male) |
| 8:32 | Build | Barracks |
| 8:41 | Age | Feudal Age |
| 8:43 | Create | Villager (Male) |
| 8:48 | Build | House |
| 8:49 | Build | Palisade Wall |
| 8:50 | Build | Palisade Wall |
| 8:51 | Create | Villager (Male) |
| 9:08 | Create | Villager (Male) |
| 9:41 | Build | Palisade Wall |
Match timeline
| 3:31 | 新竹 · first_building Barracks |
| 4:33 | 新竹 · wall_segment Palisade Wall x1 |
| 5:35 | 新竹 · wall_segment Palisade Wall x4 |
| 6:25 | 新竹 · wall_segment Palisade Wall x3 |
| 6:39 | 新竹 · wall_segment Palisade Wall x2 |
| 6:40 | 新竹 · wall_segment Palisade Wall x1 |
| 6:42 | 新竹 · wall_segment Palisade Wall x3 |
| 6:43 | 新竹 · wall_segment Palisade Wall x3 |
| 7:08 | qwertyoN.- · wall_segment Palisade Wall x1 |
| 7:10 | qwertyoN.- · wall_segment Palisade Wall x1 |
| 8:32 | qwertyoN.- · first_building Barracks |
| 8:41 | qwertyoN.- · age_up feudal |
| 8:49 | qwertyoN.- · wall_segment Palisade Wall x1 |
| 8:50 | qwertyoN.- · wall_segment Palisade Wall x1 |
| 9:41 | qwertyoN.- · wall_segment Palisade Wall x1 |
| 9:53 | qwertyoN.- · resign |
[ AI ANALYSIS · 1 CREDIT ]
What really happened in this match?
Wolo.gg analyzes every decision: build order, eco, micro, common mistakes by bracket. Personalized analysis on WhatsApp or Discord in 30 seconds.
Civ guide
Goths
Perfil
Jugador #14547856